TOP OF THE 1ST |
Montgomery Biscuits batting - Pitching for Chattanooga Scouts : RHP Callan Shanklin
|
Pitching: RHP Callan Shanklin
|
|
Batting: SHB Yadier Ortiz
|
0-0: SINGLE (Groundball, 34D, EV 98.1 MPH)
|
Batting: LHB Nehemiah Robillard
|
0-0: SINGLE (Flyball, 8LS, EV 100.6 MPH) Yadier Ortiz to second Runner from 2nd tries for 3rd, SAFE, throw by CF made to third
|
Batting: LHB Jayson Wenrich
|
0-0: Ball 1-0: TRIPLE (Line Drive, 78XD, EV 103.8 MPH) Yadier Ortiz scores Nehemiah Robillard scores
|
Batting: RHB Carson Bond
|
0-0: Ground out 6-3 (Groundball, 6M, EV 105.0 MPH) Jayson Wenrich scores
|
Batting: RHB Kelly Schoen
|
0-0: Ball 1-0: Foul Ball, location: 2RF 1-1: Fly out, F9 (Flyball, 9LM, EV 99.4 MPH)
|
Batting: RHB Manuel Montenegro
|
0-0: Swinging Strike 0-1: Ground out 4-3 (Groundball, 4, EV 90.0 MPH)
|
Top of the 1st over - 3 runs, 3 hits, 0 errors, 0 left on base; Montgomery 3 - Chattanooga 0 |
BOTTOM OF THE 1ST |
Chattanooga Scouts batting - Pitching for Montgomery Biscuits : LHP Parker Allen
|
Pitching: LHP Parker Allen
|
|
Batting: RHB Danny O'Brien
|
0-0: Ground out 5-3 (Groundball, 56S, EV 68.8 MPH)
|
Batting: RHB Yaden Peguero
|
0-0: Called Strike 0-1: Foul Ball, location: 3F 0-2: Foul Ball, location: 2F 0-2: Ball 1-2: Strikes out swinging
|
Batting: LHB Rhett Larsen
|
0-0: Ball 1-0: Ball 2-0: Called Strike 2-1: Fly out, F8 (Line Drive, 8RS, EV 87.5 MPH)
|
Bottom of the 1st over - 0 runs, 0 hits, 0 errors, 0 left on base; Montgomery 3 - Chattanooga 0 |
TOP OF THE 2ND |
Montgomery Biscuits batting - Pitching for Chattanooga Scouts : RHP Callan Shanklin
|
Batting: SHB Bryson Jorgenson
|
0-0: Ball 1-0: Ball 2-0: Called Strike 2-1: Foul Ball, location: 7LDF 2-2: Foul Ball, location: 2F 2-2: SINGLE (Groundball, 34D, EV 95.6 MPH)
|
Batting: LHB Eddie Bushman
|
0-0: Fly out, F9 (Flyball, 89S, EV 91.3 MPH)
|
Batting: SHB Clinton Plymire
|
0-0: Called Strike 0-1: SINGLE (Groundball, 34D, EV 106.3 MPH) Bryson Jorgenson to second Runner from 2nd tries for 3rd, SAFE, throw by RF made to third Clinton Plymire to second
|
Batting: SHB Yadier Ortiz
|
0-0: Foul Ball, location: 3SF 0-1: Ball 1-1: Foul Ball, location: 2F 1-2: Ball 2-2: SINGLE (Groundball, 34D, EV 100.6 MPH) Bryson Jorgenson scores Clinton Plymire to third Runner from 3rd tries for Home, SAFE, throw by RF to home
|
Batting: LHB Nehemiah Robillard
|
0-0: Ball 1-0: Ball 2-0: Ground out 6-3 (Groundball, 4MD, EV 96.3 MPH) Yadier Ortiz to second
|
Batting: LHB Jayson Wenrich
|
0-0: Foul Ball, location: 5SF 0-1: Ball 1-1: Ground out 5-3 (Groundball, 56S, EV 88.1 MPH)
|
Top of the 2nd over - 2 runs, 3 hits, 0 errors, 1 left on base; Montgomery 5 - Chattanooga 0 |
BOTTOM OF THE 2ND |
Chattanooga Scouts batting - Pitching for Montgomery Biscuits : LHP Parker Allen
|
Batting: RHB Liam Brewer
|
0-0: Ball 1-0: Called Strike 1-1: Ball 2-1: Ball 3-1: Fly out, F9 (Line Drive, 9S, EV 91.9 MPH)
|
Batting: RHB Brian Briggs
|
0-0: Ball 1-0: Ball 2-0: Swinging Strike 2-1: Swinging Strike 2-2: Strikes out swinging
|
Batting: RHB Isaac Pozzuto
|
0-0: Ball 1-0: Swinging Strike 1-1: Called Strike 1-2: Ball 2-2: Strikes out swinging
|
Bottom of the 2nd over - 0 runs, 0 hits, 0 errors, 0 left on base; Montgomery 5 - Chattanooga 0 |
TOP OF THE 3RD |
Montgomery Biscuits batting - Pitching for Chattanooga Scouts : RHP Callan Shanklin
|
Batting: RHB Carson Bond
|
0-0: Swinging Strike 0-1: Ball 1-1: Foul Ball, location: 3SF 1-2: Ball 2-2: Fly out, F9 (Flyball, 9D, EV 110.0 MPH)
|
Batting: RHB Kelly Schoen
|
0-0: Foul Ball, location: 3SF 0-1: Fly out, F4 (Popup, 13, EV 81.9 MPH)
|
Batting: RHB Manuel Montenegro
|
0-0: Fly out, F4 (Popup, 4M, EV 65.0 MPH)
|
Top of the 3rd over - 0 runs, 0 hits, 0 errors, 0 left on base; Montgomery 5 - Chattanooga 0 |
BOTTOM OF THE 3RD |
Chattanooga Scouts batting - Pitching for Montgomery Biscuits : LHP Parker Allen
|
Batting: LHB Paul Hawkinson
|
0-0: Ball 1-0: Swinging Strike 1-1: DOUBLE (Flyball, 89XD, EV 95.6 MPH)
|
Batting: RHB Clint Hogh
|
0-0: Ball 1-0: Ball 2-0: Ball 3-0: Base on Balls
|
Batting: RHB Frederick Muhammad
|
0-0: Called Strike 0-1: SINGLE (Groundball, 4MD, EV 84.4 MPH) (infield hit) Paul Hawkinson to third Clint Hogh to second
|
Batting: RHB Danny O'Brien
|
0-0: Ball 1-0: Fly out, F5 (Popup, 5SF, EV 83.8 MPH)
|
Batting: RHB Yaden Peguero
|
0-0: Ball 1-0: SINGLE (Groundball, 4MD, EV 105.0 MPH) Paul Hawkinson scores Clint Hogh to third Frederick Muhammad to second Runner from 3rd tries for Home, SAFE, throw by CF to home Frederick Muhammad to third Yaden Peguero to second
|
Batting: LHB Rhett Larsen
|
0-0: Ball 1-0: Called Strike 1-1: Ground out 5-3 (Groundball, 56, EV 78.1 MPH) Frederick Muhammad scores
|
Batting: RHB Liam Brewer
|
0-0: SINGLE (Groundball, 34D, EV 97.5 MPH) Yaden Peguero to third Runner from 3rd tries for Home, SAFE, throw by RF to home
|
Batting: RHB Brian Briggs
|
0-0: Swinging Strike 0-1: Ground out 6-3 (Groundball, 6S, EV 68.1 MPH)
|
Bottom of the 3rd over - 4 runs, 4 hits, 0 errors, 1 left on base; Montgomery 5 - Chattanooga 4 |
TOP OF THE 4TH |
Montgomery Biscuits batting - Pitching for Chattanooga Scouts : RHP Callan Shanklin
|
Batting: SHB Bryson Jorgenson
|
0-0: Ball 1-0: Ball 2-0: Fly out, F9 (Flyball, 9LMF, EV 103.8 MPH)
|
Batting: LHB Eddie Bushman
|
0-0: Ball 1-0: Called Strike 1-1: Foul Ball, location: 2LF 1-2: Strikes out swinging
|
Batting: SHB Clinton Plymire
|
0-0: Called Strike 0-1: Foul Ball, location: 2F 0-2: Ball 1-2: Foul Ball, location: 5FF 1-2: Ball 2-2: Foul Ball, location: 7LDF 2-2: Foul Ball, location: 7LMF 2-2: Fly out, F8 (Flyball, 8LXD, EV 98.8 MPH)
|
Top of the 4th over - 0 runs, 0 hits, 0 errors, 0 left on base; Montgomery 5 - Chattanooga 4 |
BOTTOM OF THE 4TH |
Chattanooga Scouts batting - Pitching for Montgomery Biscuits : LHP Parker Allen
|
Batting: RHB Isaac Pozzuto
|
0-0: Ground out 4-3 (Groundball, 4MD, EV 95.6 MPH)
|
Batting: LHB Paul Hawkinson
|
0-0: Ball 1-0: Ball 2-0: Swinging Strike 2-1: Foul Ball, location: 25F 2-2: Foul Ball, location: 7LMF 2-2: Foul Ball, location: 23FF 2-2: Ball 3-2: Base on Balls
|
Batting: RHB Clint Hogh
|
0-0: Fly out, F4 (Popup, 34S, EV 71.3 MPH)
|
Batting: RHB Frederick Muhammad
|
0-0: Fly out, F8 (Flyball, 8LD, EV 85.0 MPH)
|
Bottom of the 4th over - 0 runs, 0 hits, 0 errors, 1 left on base; Montgomery 5 - Chattanooga 4 |
TOP OF THE 5TH |
Montgomery Biscuits batting - Pitching for Chattanooga Scouts : RHP Callan Shanklin
|
Pitching: RHP Carson Beal
|
|
Batting: SHB Yadier Ortiz
|
0-0: Called Strike 0-1: Ball 1-1: Ball 2-1: Foul Ball, location: 23F 2-2: Ball 3-2: Foul Ball, location: 2F 3-2: Base on Balls
|
Batting: LHB Nehemiah Robillard
|
0-0: Called Strike 0-1: Reached on error, E3 (Groundball, 3, EV 84.4 MPH) Yadier Ortiz to second
|
Batting: LHB Jayson Wenrich
|
0-0: Fielders Choice at 2nd, 6-4 (Groundball, 6M, EV 90.6 MPH) Yadier Ortiz to third
|
Batting: RHB Carson Bond
|
0-0: Ball 1-0: Fielders Choice attempt at home, Runner SAFE. 6-2 (Groundball, 56D, EV 95.0 MPH) Jayson Wenrich to second
|
Batting: RHB Kelly Schoen
|
0-0: Fly out, F8 (Flyball, 8RD, EV 109.4 MPH)
|
Batting: RHB Manuel Montenegro
|
0-0: Ball 1-0: Ground out 6-3 (Groundball, 6MS, EV 70.6 MPH)
|
Top of the 5th over - 1 run, 0 hits, 1 error, 2 left on base; Montgomery 6 - Chattanooga 4 |
BOTTOM OF THE 5TH |
Chattanooga Scouts batting - Pitching for Montgomery Biscuits : LHP Parker Allen
|
Batting: RHB Danny O'Brien
|
0-0: Ball 1-0: Fly out, F7 (Flyball, 7S, EV 91.9 MPH)
|
Batting: RHB Yaden Peguero
|
0-0: DOUBLE (Line Drive, 78XD, EV 105.0 MPH)
|
Batting: LHB Rhett Larsen
|
0-0: Foul Ball, location: 2F 0-1: Foul Ball, location: 2F 0-2: Ball 1-2: Ball 2-2: Foul Ball, location: 9LSF 2-2: Ball 3-2: Fly out, F2 (Popup, 25F, EV 73.8 MPH)
|
Batting: RHB Liam Brewer
|
0-0: Fly out, F9 (Flyball, 9, EV 95.6 MPH)
|
Bottom of the 5th over - 0 runs, 1 hit, 0 errors, 1 left on base; Montgomery 6 - Chattanooga 4 |
TOP OF THE 6TH |
Montgomery Biscuits batting - Pitching for Chattanooga Scouts : RHP Carson Beal
|
Batting: SHB Bryson Jorgenson
|
0-0: Ball 1-0: SINGLE (Line Drive, 9S, EV 97.5 MPH)
|
Batting: LHB Eddie Bushman
|
0-0: Called Strike 0-1: Called Strike 0-2: Ball 1-2: Ball 2-2: Foul Ball, location: 2RF 2-2: Ball 3-2: Base on Balls Bryson Jorgenson to second
|
Batting: SHB Clinton Plymire
|
0-0: Fielders Choice at 2nd, 6-4 (Groundball, 6, EV 90.0 MPH) Bryson Jorgenson to third
|
Batting: SHB Yadier Ortiz
|
0-0: Called Strike 0-1: DOUBLE (Flyball, 89D, EV 108.8 MPH) Bryson Jorgenson scores Clinton Plymire to third Runner from 3rd tries for Home, SAFE, throw by RF to trailing runner, SAFE at third!
|
Pitching: RHP Anthony Babcock
|
|
Batting: LHB Nehemiah Robillard
|
0-0: Called Strike 0-1: Ball 1-1: Ball 2-1: Foul Ball, location: 7LSF 2-2: Foul Ball, location: 7LSF 2-2: Fly out, F5 (Popup, 25F, EV 88.8 MPH)
|
Batting: LHB Jayson Wenrich
|
0-0: Foul Ball, location: 2F 0-1: Called Strike 0-2: Ball 1-2: Ball 2-2: Fly out, F8 (Line Drive, 8RS, EV 93.1 MPH)
|
Top of the 6th over - 2 runs, 2 hits, 0 errors, 1 left on base; Montgomery 8 - Chattanooga 4 |
BOTTOM OF THE 6TH |
Chattanooga Scouts batting - Pitching for Montgomery Biscuits : LHP Parker Allen
|
Batting: RHB Brian Briggs
|
0-0: Foul Ball, location: 2F 0-1: Ball 1-1: Ball 2-1: Foul Ball, location: 25FF 2-2: Ball 3-2: Fly out, F4 (Line Drive, 34D, EV 105.6 MPH)
|
Batting: RHB Isaac Pozzuto
|
0-0: Called Strike 0-1: Ball 1-1: Ball 2-1: Ground out 6-3 (Groundball, 6, EV 86.9 MPH)
|
Batting: LHB Paul Hawkinson
|
0-0: Ball 1-0: Foul Ball, location: 3F 1-1: Foul Ball, location: 7LMF 1-2: SOLO HOME RUN (Flyball, 8LXD, EV 99.4 MPH), Distance : 412 ft
|
Pitching: RHP Troy Perlman
|
|
Batting: RHB Clint Hogh
|
0-0: DOUBLE (Line Drive, 78D, EV 96.9 MPH)
|
Batting: RHB Frederick Muhammad
|
0-0: Swinging Strike 0-1: Ball 1-1: SINGLE (Line Drive, 6MD, EV 98.1 MPH) Clint Hogh to third Runner from 3rd tries for Home, SAFE, throw by CF to home
|
Batting: RHB Danny O'Brien
|
0-0: Called Strike 0-1: Ground out 4-3 (Groundball, 4, EV 86.9 MPH)
|
Bottom of the 6th over - 2 runs, 3 hits, 0 errors, 1 left on base; Montgomery 8 - Chattanooga 6 |
TOP OF THE 7TH |
Montgomery Biscuits batting - Pitching for Chattanooga Scouts : RHP Anthony Babcock
|
Batting: RHB Carson Bond
|
0-0: Called Strike 0-1: Fly out, F7 (Flyball, 7LS, EV 83.1 MPH)
|
Batting: RHB Kelly Schoen
|
0-0: Ball 1-0: Ball 2-0: Called Strike 2-1: Foul Ball, location: 5SF 2-2: Foul Ball, location: 5FF 2-2: Strikes out swinging
|
Batting: RHB Manuel Montenegro
|
0-0: Ball 1-0: Ball 2-0: SINGLE (Line Drive, 89S, EV 98.1 MPH)
|
Batting: SHB Bryson Jorgenson
|
0-0: Foul Ball, location: 5F 0-1: Called Strike 0-2: Strikes out swinging
|
Top of the 7th over - 0 runs, 1 hit, 0 errors, 1 left on base; Montgomery 8 - Chattanooga 6 |
BOTTOM OF THE 7TH |
Chattanooga Scouts batting - Pitching for Montgomery Biscuits : RHP Troy Perlman
|
Batting: RHB Yaden Peguero
|
0-0: Foul Ball, location: 2F 0-1: Ball 1-1: Called Strike 1-2: Strikes out swinging
|
Batting: LHB Rhett Larsen
|
0-0: Ground out 6-3 (Groundball, 6, EV 98.1 MPH)
|
Batting: RHB Liam Brewer
|
0-0: SINGLE (Line Drive, 4D, EV 95.0 MPH)
|
Batting: RHB Brian Briggs
|
0-0: Swinging Strike Pickoff Throw to First - Out! 1-3
|
Bottom of the 7th over - 0 runs, 1 hit, 0 errors, 0 left on base; Montgomery 8 - Chattanooga 6 |
TOP OF THE 8TH |
Montgomery Biscuits batting - Pitching for Chattanooga Scouts : RHP Anthony Babcock
|
Batting: LHB Eddie Bushman
|
0-0: Ball 1-0: Foul Ball, location: 2F 1-1: Ground out 6-3 (Groundball, 6S, EV 85.0 MPH)
|
Batting: SHB Clinton Plymire
|
0-0: Ball 1-0: Ball 2-0: Ball 3-0: Called Strike 3-1: Called Strike 3-2: Foul Ball, location: 2F 3-2: Strikes out swinging
|
Batting: SHB Yadier Ortiz
|
0-0: Foul Ball, location: 9LMFF 0-1: Ball 1-1: Fly out, F5 (Popup, 5SF, EV 79.4 MPH)
|
Top of the 8th over - 0 runs, 0 hits, 0 errors, 0 left on base; Montgomery 8 - Chattanooga 6 |
BOTTOM OF THE 8TH |
Chattanooga Scouts batting - Pitching for Montgomery Biscuits : RHP Troy Perlman
|
Batting: RHB Brian Briggs
|
0-0: Ball 1-0: Called Strike 1-1: Ball 2-1: Foul Ball, location: 2F 2-2: Foul Ball, location: 3SF 2-2: Strikes out swinging
|
Batting: LHB Jeremy Pratte
|
0-0: Ball 1-0: DOUBLE (Groundball, 3L, EV 96.9 MPH)
|
Batting: LHB Paul Hawkinson
|
0-0: Fly out, F6 (Popup, 6D, EV 73.8 MPH)
|
Pinch Hitting: LHB Anthony Meissner
|
0-0: Foul Ball, location: 2F 0-1: Called Strike 0-2: Strikes out swinging
|
Bottom of the 8th over - 0 runs, 1 hit, 0 errors, 1 left on base; Montgomery 8 - Chattanooga 6 |
TOP OF THE 9TH |
Montgomery Biscuits batting - Pitching for Chattanooga Scouts : RHP Anthony Babcock
|
Pitching: RHP A.J. Fabricant
|
|
Now at SS: Brandon Warner
|
|
Batting: LHB Nehemiah Robillard
|
0-0: Fly out, F8 (Line Drive, 8RD, EV 93.8 MPH)
|
Batting: LHB Jayson Wenrich
|
0-0: Ground out 5-3 (Groundball, 56, EV 82.5 MPH)
|
Batting: RHB Carson Bond
|
0-0: Fly out, F9 (Flyball, 9S, EV 81.3 MPH)
|
Top of the 9th over - 0 runs, 0 hits, 0 errors, 0 left on base; Montgomery 8 - Chattanooga 6 |
BOTTOM OF THE 9TH |
Chattanooga Scouts batting - Pitching for Montgomery Biscuits : RHP Troy Perlman
|
Pitching: RHP Rudolf Dunn
|
|
Batting: RHB Frederick Muhammad
|
0-0: SINGLE (Groundball, 6D, EV 98.8 MPH)
|
Batting: RHB Danny O'Brien
|
0-0: Called Strike 0-1: Called Strike 0-2: Ball 1-2: Foul Ball, location: 9LMF 1-2: Fly out, F4 (Popup, 4, EV 74.4 MPH)
|
Batting: RHB Yaden Peguero
|
0-0: Fly out, F7 (Line Drive, 7, EV 95.6 MPH)
|
Batting: LHB Rhett Larsen
|
0-0: Ball 1-0: Foul Ball, location: 5FF 1-1: Foul Ball, location: 2F 1-2: Ball 2-2: Ball 3-2: Foul Ball, location: 2F 3-2: SINGLE (Groundball, 34D, EV 103.1 MPH) Frederick Muhammad to second Frederick Muhammad to third
|
Batting: RHB Liam Brewer
|
0-0: Swinging Strike 0-1: Ball 1-1: Called Strike 1-2: Fly out, F8 (Line Drive, 8LS, EV 98.8 MPH)
|
Bottom of the 9th over - 0 runs, 2 hits, 0 errors, 2 left on base; Montgomery 8 - Chattanooga 6 |
|